 Dungeon Crawl Stone Soup version 0.21.0 (webtiles) character file.

150 MTVSty1e the Poker (level 5, -3/63 HPs)
             Began as a Merfolk Gladiator on Jan 7, 2018.
             Slain by a gnoll
             ... wielding a +2 halberd of venom
              (5 damage)
             ... on level 3 of the Dungeon.
             The game lasted 00:02:46 (1550 turns).

MTVSty1e the Poker (Merfolk Gladiator)              Turns: 1550, Time: 00:02:47

Health: -3/63      AC: 22    Str: 20    XL:     5   Next: 32%
Magic:  5/5        EV:  2    Int:  7    God:
Gold:   94         SH: 10    Dex: 16    Spells: 4/4 levels left

rFire    . . .     SeeInvis .   a - +0 trident
rCold    . . .     Gourm    .   j - +2 shield
rNeg     + + +     Faith    .   (armour currently unavailable)
rPois    +         Spirit   .   (helmet currently unavailable)
rElec    .         Reflect  .   (cloak currently unavailable)
rCorr    .         Harm     .   (gloves currently unavailable)
MR       .....     NoTele   +   (boots currently unavailable)
Stlth    +.........             (no amulet)
HPRegen  0.20/turn              e - ring of positive energy
MPRegen  0.09/turn              (no ring)

@: mighty, lethally poisoned (-3 -> -5), tree-form
A: (change form in water), (swift swim), (stealthy swim)
a: no special abilities


You were on level 3 of the Dungeon.
You were not hungry.
You were a tree.
You visited 1 branch of the dungeon, and saw 3 of its levels.

You collected 94 gold pieces.

Inventory:

Hand Weapons
 a - a +0 trident (weapon)
Missiles
 d - a throwing net (quivered)
Armour
 b - a +0 leather armour (melded)
 c - a +0 helmet (melded)
 j - a +2 shield (worn)
Jewellery
 e - a ring of positive energy (left branch)
 h - an uncursed amulet of rage {unknown}
 k - an uncursed amulet of magic regeneration {unknown}
Comestibles
 f - 5 rations


   Skills:
 + Level 3.7 Fighting
 * Level 7.4 Polearms
 - Level 2.0 Throwing
 - Level 4.0 Dodging


You had 4 spell levels left.
You didn't know any spells.

Dungeon Overview and Level Annotations

Branches:
Dungeon (3/15)

Altars:
Fedhas
Vehumet

Annotations:
D:3 Sigmund


Message History

Sigmund hits you from afar with a scythe.
* * * LOW HITPOINT WARNING * * *
The gnoll hits you from afar with a halberd of venom!
* * * LOW HITPOINT WARNING * * *
Unknown command.
Unknown command.
You puncture Ijyb!
You kill Ijyb!
You block the leopard gecko's attack. You block the rat's attack.
The gnoll hits you but does no damage.
The gnoll struggles against the net.
The goblin hits you but does no damage. The ooze hits you but does no damage.
The leopard gecko bites you but does no damage.
Unknown command.
You are too injured to fight recklessly!
You are too injured to fight recklessly!
You cannot move.
Your shield prevents you from hitting the ooze.
You block the rat's attack.
The gnoll hits you from afar with a halberd of venom.
You die...

#..[.....
##........
##.........
##..........
####...........
#....$.....)...
#....g.<...####
#....g†gl......
#....@g♣Jo.....
......)†r......
≈............[.
≈♣.............
♣≈..........$..
P≈≈.........gK.
≈≈≈≈##..#......
≈≈≈P #..#.#....


You could see Sigmund, 3 gnolls, an ooze, an orc, a leopard gecko, a hobgoblin,
a goblin, a kobold and a rat.

Vanquished Creatures
  Ijyb (D:3)
  Natasha (D:2)
  A gnoll (D:3)
  3 adders (D:2)
  2 worms
  A dart slug (D:1)
  A leopard gecko (D:1)
  3 orcs (D:2)
  2 giant cockroaches
  6 goblins
  8 hobgoblins
  6 jackals (D:2)
  2 ball pythons
  3 bats
  4 frilled lizards (D:1)
  3 kobolds
  3 rats
50 creatures vanquished.

Notes
Turn   | Place    | Note
-------+----------+-------------------------------------------
     0 | D:1      | MTVSty1e the Merfolk Gladiator began the quest for the Orb.
     0 | D:1      | Reached XP level 1. HP: 16/16 MP: 1/1
   143 | D:1      | Reached skill level 5 in Polearms
   143 | D:1      | Reached XP level 2. HP: 21/23 MP: 2/2
   758 | D:1      | Reached XP level 3. HP: 25/28 MP: 3/3
  1055 | D:2      | Reached skill level 6 in Polearms
  1161 | D:2      | Reached XP level 4. HP: 34/35 MP: 4/4
  1229 | D:2      | Found a radiant altar of Vehumet.
  1326 | D:2      | Found a blossoming altar of Fedhas.
  1362 | D:2      | Noticed Natasha
  1370 | D:2      | Killed Natasha
  1533 | D:3      | Noticed Sigmund
  1534 | D:3      | Noticed Ijyb
  1539 | D:3      | Reached skill level 7 in Polearms
  1539 | D:3      | Reached XP level 5. HP: 21/41 MP: 5/5
  1548 | D:3      | HP: 1/61 [gnoll/halberd of venom (8)]
  1549 | D:3      | Killed Ijyb
  1550 | D:3      | Slain by a gnoll

Skill      XL: |  1  2  3  4 |
---------------+-------------+-----
Polearms       | 5 6 7 |  7.4
Fighting       | 3 |  3.7
Throwing       | |  2.0
Dodging        | |  4.0

Action                   |  1- 3 |  4- 6 || total
-------------------------+-------+-------++-------
Melee: Trident           |   122 |    64 ||   186
Throw: Throwing net      |       |     2 ||     2
  Use: Potion            |       |     2 ||     2
 Stab: Sleeping          |     1 |     1 ||     2
       Distracted        |     1 |       ||     1
  Eat: Ration            |       |     1 ||     1
Armor: Leather armour    |    17 |     4 ||    21
       Skin              |       |    50 ||    50
Dodge: Dodged            |    58 |    13 ||    71
Block: Shield            |    21 |    45 ||    66
